[ PARTIDA AOE2 · #478560422 ]
UnrankedRomanos vs Turks
[ ANÁLISIS DE REPETICIÓN · EXTRAÍDO DE LA PARTIDA GRABADA ]
Feudal
12:21
Castillos
17:42
Imperial
38:07
| APM promedio | 14.5 |
| APM pico | 45 |
| eAPM promedio | 10.1 |
| Aldeanos / militares | 95 / 132 |
Foco
⚔️ 33.1% · 🌾 66.9%
Spearman ×43 · Scorpion ×42 · Centurion ×32 · Trade Cart ×7 · Trebuchet (Packed) ×7 · Knight ×4
Feudal
12:30
Castillos
18:16
Imperial
34:23
| APM promedio | 28.7 |
| APM pico | 63 |
| eAPM promedio | 13.9 |
| Aldeanos / militares | 128 / 137 |
Foco
⚔️ 29.7% · 🌾 70.3%
Scout Cavalry ×66 · Janissary ×46 · Bombard Cannon ×20 · Monk ×5
Feudal
10:16
Castillos
20:58
Imperial
34:20
| APM promedio | 21.6 |
| APM pico | 59 |
| eAPM promedio | 15.0 |
| Aldeanos / militares | 90 / 429 |
Foco
⚔️ 57.0% · 🌾 43.0%
Spearman ×292 · Chu Ko Nu ×114 · Fire Lancer ×12 · Trebuchet (Packed) ×5 · Petard ×4 · Battering Ram ×2
Feudal
11:38
Castillos
20:49
Imperial
42:11
| APM promedio | 16.8 |
| APM pico | 60 |
| eAPM promedio | 7.1 |
| Aldeanos / militares | 48 / 34 |
Foco
⚔️ 25.5% · 🌾 74.5%
Arambai ×14 · Monk ×4 · Knight ×4 · Scout Cavalry ×4 · Spearman ×3 · Battle Elephant ×3
Feudal
10:40
Castillos
24:48
Imperial
35:13
| APM promedio | 21.1 |
| APM pico | 76 |
| eAPM promedio | 16.2 |
| Aldeanos / militares | 118 / 386 |
Foco
⚔️ 46.7% · 🌾 53.3%
Skirmisher ×375 · Archer ×7 · Spearman ×4
Feudal
11:05
Castillos
16:44
Imperial
55:26
| APM promedio | 13.8 |
| APM pico | 40 |
| eAPM promedio | 9.1 |
| Aldeanos / militares | 155 / 296 |
Foco
⚔️ 38.7% · 🌾 61.3%
Tarkan ×296 · Trade Cart ×69
Feudal
11:25
Castillos
24:52
Imperial
51:10
| APM promedio | 14.9 |
| APM pico | 43 |
| eAPM promedio | 9.5 |
| Aldeanos / militares | 64 / 234 |
Foco
⚔️ 48.9% · 🌾 51.1%
Spearman ×119 · Knight ×54 · Militia ×47 · Conquistador ×14 · Trade Cart ×11
Feudal
9:56
Castillos
19:30
Imperial
43:00
| APM promedio | 16.1 |
| APM pico | 60 |
| eAPM promedio | 11.5 |
| Aldeanos / militares | 156 / 145 |
Foco
⚔️ 29.8% · 🌾 70.2%
Cataphract ×57 · Spearman ×55 · Camel Scout ×21 · Trade Cart ×19 · Trebuchet (Packed) ×7 · Monk ×3
Mapa de la partida
Recursos iniciales + cada clic de construcción. Líneas = muros · curvas = relieve. ◆ oro · ⬟ piedra · ● bayas · ✦ reliquia · ◌ hueco del cierre
Tu base· Abierta — flanco sin cerrar
Base de 顶风尿万丈· Abierta — flanco sin cerrar
Base de giancarlo7· Abierta — flanco sin cerrar
Base de sanji31· ✓ Cerrada en 20:49 · 39t muro · 3 puerta(s)
Base de juanem92· ✓ Cerrada en 24:48 · 0t muro · 2 puerta(s)
Base de Railgun· Abierta — flanco sin cerrar
Base de Boku wa tobi· ✓ Cerrada en 24:52 · 0t muro · 2 puerta(s)
Base de The King· Abierta — hueco de 3t
Terreno inicial suavizado · ◌ = hueco del cierre detectado · pasá el cursor para detalles
Inputs por minuto
— Antonio - - 顶风尿万丈
Build order — Antonio
Primeras 150 de 305 acciones detectadas
| 0:03 | Crear | Villager (Male) |
| 0:03 | Crear | Villager (Male) |
| 0:04 | Crear | Villager (Male) |
| 0:04 | Crear | Villager (Male) |
| 0:13 | Construir | House |
| 0:16 | Construir | House |
| 1:18 | Investigar | Loom |
| 1:48 | Crear | Villager (Male) |
| 2:08 | Crear | Villager (Male) |
| 2:26 | Crear | Villager (Male) |
| 2:47 | Construir | Lumber Camp |
| 3:13 | Crear | Villager (Male) |
| 3:30 | Construir | House |
| 3:37 | Crear | Villager (Male) |
| 4:14 | Crear | Villager (Male) |
| 4:14 | Crear | Villager (Male) |
| 5:11 | Crear | Villager (Male) |
| 5:13 | Crear | Villager (Male) |
| 5:36 | Construir | House |
| 5:51 | Crear | Villager (Male) |
| 6:06 | Construir | Mill |
| 6:20 | Crear | Villager (Male) |
| 6:20 | Crear | Villager (Male) |
| 6:45 | Crear | Villager (Male) |
| 6:46 | Crear | Villager (Male) |
| 6:47 | Crear | Villager (Male) |
| 6:56 | Construir | House |
| 7:19 | Crear | Villager (Male) |
| 8:19 | Crear | Villager (Male) |
| 8:20 | Crear | Villager (Male) |
| 8:21 | Crear | Villager (Male) |
| 8:34 | Construir | Mining Camp |
| 8:41 | Construir | Mill |
| 9:26 | Construir | Mining Camp |
| 9:40 | Crear | Villager (Male) |
| 9:41 | Investigar | Feudal Age |
| 12:21 | Edad | Edad Feudal |
| 12:30 | Construir | Market |
| 13:24 | Construir | Blacksmith |
| 13:47 | Construir | Stone Wall |
| 13:55 | Construir | Gate |
| 14:08 | Construir | Farm |
| 14:10 | Construir | Farm |
| 15:02 | Investigar | Castle Age |
| 15:08 | Construir | Farm |
| 15:12 | Construir | Farm |
| 15:56 | Investigar | Double-Bit Axe |
| 16:08 | Investigar | Horse Collar |
| 17:24 | Construir | Barracks |
| 17:42 | Edad | Edad de los Castillos |
| 17:52 | Crear | Villager (Male) |
| 17:52 | Crear | Villager (Male) |
| 17:53 | Crear | Villager (Male) |
| 18:14 | Investigar | Heavy Plow |
| 18:16 | Crear | Villager (Male) |
| 18:23 | Construir | House |
| 18:37 | Construir | Stable |
| 18:44 | Crear | Villager (Male) |
| 19:22 | Investigar | Pikeman (upgrade) |
| 20:02 | Construir | Farm |
| 20:06 | Crear | Villager (Male) |
| 20:27 | Construir | Town Center |
| 20:36 | Crear | Knight |
| 20:45 | Construir | House |
| 20:53 | Crear | Knight |
| 21:13 | Construir | Farm |
| 22:03 | Construir | Siege Workshop |
| 22:21 | Investigar | Bloodlines |
| 22:22 | Investigar | Husbandry |
| 22:23 | Crear | Knight |
| 22:41 | Crear | Battering Ram |
| 22:45 | Crear | Mangonel |
| 22:53 | Construir | Castle |
| 23:04 | Crear | Knight |
| 23:28 | Crear | Villager (Male) |
| 23:29 | Crear | Villager (Male) |
| 23:35 | Construir | Farm |
| 23:37 | Construir | Farm |
| 23:55 | Crear | Villager (Male) |
| 24:21 | Crear | Spearman |
| 24:44 | Investigar | Fletching |
| 24:48 | Construir | Farm |
| 24:50 | Crear | Villager (Male) |
| 26:16 | Crear | Centurion |
| 26:17 | Crear | Centurion |
| 26:33 | Crear | Villager (Male) |
| 26:34 | Crear | Villager (Male) |
| 26:34 | Crear | Villager (Male) |
| 26:35 | Crear | Villager (Male) |
| 26:40 | Construir | Farm |
| 26:52 | Crear | Mangonel |
| 27:01 | Construir | Town Center |
| 27:44 | Construir | Farm |
| 27:47 | Construir | Farm |
| 27:49 | Crear | Villager (Male) |
| 27:49 | Crear | Villager (Male) |
| 28:11 | Crear | Scorpion |
| 28:11 | Crear | Scorpion |
| 28:15 | Crear | Villager (Male) |
| 28:15 | Crear | Villager (Male) |
| 28:16 | Crear | Villager (Male) |
| 28:16 | Crear | Villager (Male) |
| 28:17 | Crear | Villager (Male) |
| 28:30 | Construir | Mining Camp |
| 28:47 | Construir | Lumber Camp |
| 29:29 | Crear | Villager (Male) |
| 29:30 | Crear | Villager (Male) |
| 29:30 | Crear | Villager (Male) |
| 29:30 | Crear | Villager (Male) |
| 30:35 | Crear | Villager (Male) |
| 30:35 | Crear | Villager (Male) |
| 30:36 | Crear | Villager (Male) |
| 30:36 | Crear | Villager (Male) |
| 30:37 | Crear | Villager (Male) |
| 30:42 | Construir | Farm |
| 30:44 | Construir | Farm |
| 30:46 | Construir | Farm |
| 30:47 | Construir | Farm |
| 30:49 | Construir | Farm |
| 31:11 | Crear | Battering Ram |
| 31:25 | Construir | Castle |
| 31:37 | Crear | Villager (Male) |
| 31:37 | Crear | Villager (Male) |
| 31:40 | Crear | Villager (Male) |
| 31:41 | Crear | Villager (Male) |
| 31:41 | Crear | Villager (Male) |
| 31:41 | Crear | Villager (Male) |
| 31:46 | Construir | Farm |
| 31:48 | Construir | Farm |
| 31:58 | Crear | Villager (Male) |
| 32:10 | Crear | Scorpion |
| 32:10 | Crear | Scorpion |
| 32:22 | Construir | Farm |
| 32:26 | Construir | Farm |
| 32:35 | Investigar | Bow Saw |
| 32:47 | Crear | Scorpion |
| 32:47 | Crear | Scorpion |
| 33:21 | Crear | Villager (Male) |
| 33:21 | Crear | Villager (Male) |
| 33:31 | Construir | Town Center |
| 33:34 | Crear | Villager (Male) |
| 33:45 | Construir | University |
| 33:51 | Crear | Scorpion |
| 33:52 | Crear | Scorpion |
| 34:18 | Construir | Lumber Camp |
| 34:41 | Investigar | Town Watch |
| 34:57 | Investigar | Imperial Age |
| 35:01 | Crear | Villager (Male) |
| 35:01 | Crear | Villager (Male) |
| 35:02 | Crear | Villager (Male) |
Build order — 顶风尿万丈
Primeras 150 de 450 acciones detectadas
| 0:06 | Construir | House |
| 0:08 | Construir | House |
| 0:09 | Construir | House |
| 0:13 | Crear | Villager (Male) |
| 0:13 | Crear | Villager (Male) |
| 0:14 | Crear | Villager (Male) |
| 0:14 | Crear | Villager (Male) |
| 0:56 | Construir | House |
| 0:58 | Construir | House |
| 1:41 | Construir | Mill |
| 1:58 | Crear | Villager (Male) |
| 1:59 | Crear | Villager (Male) |
| 2:11 | Crear | Villager (Male) |
| 2:40 | Crear | Villager (Male) |
| 3:09 | Crear | Villager (Male) |
| 3:20 | Crear | Villager (Male) |
| 3:40 | Crear | Villager (Male) |
| 4:14 | Crear | Villager (Male) |
| 5:20 | Crear | Villager (Male) |
| 5:20 | Crear | Villager (Male) |
| 5:20 | Crear | Villager (Male) |
| 5:20 | Crear | Villager (Male) |
| 5:38 | Construir | Lumber Camp |
| 5:44 | Crear | Villager (Male) |
| 5:45 | Crear | Villager (Male) |
| 5:45 | Crear | Villager (Male) |
| 6:35 | Crear | Villager (Male) |
| 6:56 | Investigar | Loom |
| 7:14 | Crear | Villager (Male) |
| 7:14 | Crear | Villager (Male) |
| 7:14 | Crear | Villager (Male) |
| 7:34 | Construir | Lumber Camp |
| 8:07 | Construir | House |
| 8:08 | Construir | House |
| 9:29 | Crear | Villager (Male) |
| 9:29 | Crear | Villager (Male) |
| 9:45 | Construir | Mining Camp |
| 9:52 | Investigar | Feudal Age |
| 9:58 | Construir | Mining Camp |
| 10:34 | Construir | Mill |
| 12:07 | Construir | House |
| 12:30 | Edad | Edad Feudal |
| 12:41 | Construir | Stone Wall |
| 12:44 | Construir | Stone Wall |
| 13:03 | Construir | Blacksmith |
| 13:10 | Construir | Market |
| 13:54 | Construir | Gate |
| 14:15 | Construir | House |
| 14:16 | Construir | House |
| 14:26 | Construir | Stone Wall |
| 15:36 | Investigar | Castle Age |
| 15:40 | Construir | House |
| 16:13 | Construir | House |
| 16:15 | Investigar | Horse Collar |
| 17:11 | Investigar | Double-Bit Axe |
| 17:38 | Investigar | Stone Mining |
| 17:54 | Investigar | Town Watch |
| 18:16 | Edad | Edad de los Castillos |
| 18:25 | Construir | Town Center |
| 18:44 | Construir | Mill |
| 18:46 | Crear | Villager (Male) |
| 18:46 | Crear | Villager (Male) |
| 18:47 | Crear | Villager (Male) |
| 18:47 | Crear | Villager (Male) |
| 18:47 | Crear | Villager (Male) |
| 19:04 | Construir | Town Center |
| 19:15 | Construir | Farm |
| 19:16 | Construir | Farm |
| 19:39 | Crear | Villager (Male) |
| 19:40 | Crear | Villager (Male) |
| 20:12 | Construir | Farm |
| 20:33 | Crear | Villager (Male) |
| 20:33 | Crear | Villager (Male) |
| 20:37 | Construir | Farm |
| 20:38 | Construir | Farm |
| 21:08 | Crear | Villager (Male) |
| 21:13 | Construir | Farm |
| 21:14 | Construir | Farm |
| 21:31 | Crear | Villager (Male) |
| 21:32 | Crear | Villager (Male) |
| 21:37 | Construir | Farm |
| 21:38 | Construir | Farm |
| 21:39 | Construir | Farm |
| 21:40 | Construir | Farm |
| 22:05 | Construir | Monastery |
| 22:33 | Investigar | Wheelbarrow |
| 22:37 | Crear | Monk |
| 22:37 | Crear | Monk |
| 22:50 | Crear | Villager (Male) |
| 22:54 | Construir | Farm |
| 22:55 | Construir | Farm |
| 22:57 | Construir | Farm |
| 22:58 | Construir | Farm |
| 22:59 | Construir | Farm |
| 23:05 | Crear | Villager (Male) |
| 23:06 | Crear | Villager (Male) |
| 23:35 | Crear | Villager (Male) |
| 23:57 | Investigar | Heavy Plow |
| 24:01 | Crear | Villager (Male) |
| 24:01 | Crear | Villager (Male) |
| 24:35 | Construir | Castle |
| 24:41 | Construir | House |
| 24:45 | Construir | House |
| 25:13 | Construir | Outpost |
| 25:30 | Investigar | Hand Cart |
| 25:33 | Crear | Villager (Male) |
| 25:33 | Crear | Villager (Male) |
| 25:33 | Crear | Villager (Male) |
| 25:35 | Crear | Villager (Male) |
| 25:35 | Crear | Villager (Male) |
| 25:36 | Crear | Villager (Male) |
| 25:36 | Crear | Villager (Male) |
| 25:57 | Construir | Watch Tower |
| 26:33 | Construir | Farm |
| 26:34 | Construir | Farm |
| 26:35 | Construir | Farm |
| 26:36 | Construir | Farm |
| 27:14 | Crear | Villager (Male) |
| 27:14 | Crear | Villager (Male) |
| 27:14 | Crear | Villager (Male) |
| 27:17 | Investigar | Gold Mining |
| 27:21 | Crear | Villager (Male) |
| 27:21 | Crear | Villager (Male) |
| 27:21 | Crear | Villager (Male) |
| 27:21 | Crear | Villager (Male) |
| 27:30 | Construir | Watch Tower |
| 27:45 | Construir | Watch Tower |
| 27:59 | Construir | House |
| 28:13 | Construir | Siege Workshop |
| 29:06 | Construir | Watch Tower |
| 29:07 | Construir | Watch Tower |
| 29:30 | Construir | Farm |
| 29:31 | Construir | Farm |
| 29:55 | Investigar | Fletching |
| 30:14 | Construir | Watch Tower |
| 30:32 | Construir | Watch Tower |
| 31:13 | Investigar | Imperial Age |
| 31:22 | Construir | Mining Camp |
| 31:26 | Crear | Villager (Male) |
| 31:26 | Crear | Villager (Male) |
| 31:26 | Crear | Villager (Male) |
| 31:27 | Crear | Villager (Male) |
| 31:30 | Construir | Mining Camp |
| 31:32 | Crear | Villager (Male) |
| 31:32 | Crear | Villager (Male) |
| 32:08 | Crear | Monk |
| 32:08 | Crear | Monk |
| 32:25 | Construir | Barracks |
| 32:53 | Crear | Janissary |
| 32:54 | Crear | Janissary |
Build order — giancarlo7
Primeras 150 de 678 acciones detectadas
| 1:02 | Crear | Villager (Male) |
| 1:26 | Crear | Villager (Male) |
| 1:57 | Crear | Villager (Male) |
| 2:39 | Crear | Villager (Male) |
| 2:39 | Crear | Villager (Male) |
| 3:15 | Crear | Villager (Male) |
| 3:23 | Construir | House |
| 3:24 | Construir | House |
| 3:38 | Crear | Villager (Male) |
| 4:21 | Crear | Villager (Male) |
| 4:21 | Crear | Villager (Male) |
| 4:38 | Construir | Lumber Camp |
| 4:41 | Crear | Villager (Male) |
| 4:41 | Crear | Villager (Male) |
| 4:41 | Crear | Villager (Male) |
| 4:58 | Crear | Villager (Male) |
| 4:58 | Crear | Villager (Male) |
| 4:58 | Crear | Villager (Male) |
| 5:37 | Crear | Villager (Male) |
| 5:38 | Crear | Villager (Male) |
| 6:57 | Construir | Mill |
| 7:44 | Construir | House |
| 7:46 | Construir | House |
| 7:52 | Investigar | Feudal Age |
| 8:32 | Construir | Mill |
| 8:57 | Construir | Mill |
| 9:44 | Construir | Mining Camp |
| 10:16 | Edad | Edad Feudal |
| 10:19 | Investigar | Wheelbarrow |
| 10:23 | Investigar | Double-Bit Axe |
| 10:44 | Investigar | Horse Collar |
| 10:46 | Crear | Villager (Male) |
| 10:46 | Crear | Villager (Male) |
| 10:47 | Crear | Villager (Male) |
| 11:01 | Crear | Villager (Male) |
| 11:33 | Construir | Stone Wall |
| 11:45 | Crear | Villager (Male) |
| 11:50 | Crear | Villager (Male) |
| 11:54 | Construir | Farm |
| 12:21 | Construir | Farm |
| 12:32 | Construir | Mining Camp |
| 12:47 | Construir | Stone Wall |
| 13:04 | Construir | Farm |
| 13:23 | Construir | Farm |
| 13:29 | Construir | Farm |
| 13:43 | Construir | Blacksmith |
| 13:57 | Construir | Stone Wall |
| 14:04 | Construir | Gate |
| 14:14 | Construir | Farm |
| 14:23 | Construir | Lumber Camp |
| 15:06 | Construir | Farm |
| 15:17 | Crear | Villager (Male) |
| 15:29 | Construir | Farm |
| 15:50 | Crear | Villager (Male) |
| 16:33 | Construir | Market |
| 16:38 | Crear | Villager (Male) |
| 16:41 | Crear | Villager (Male) |
| 16:58 | Investigar | Stone Mining |
| 17:53 | Construir | Farm |
| 17:57 | Investigar | Gold Mining |
| 18:18 | Investigar | Castle Age |
| 18:28 | Investigar | Forging |
| 18:47 | Construir | Barracks |
| 18:52 | Investigar | Scale Mail Armor |
| 19:00 | Construir | Barracks |
| 19:14 | Investigar | Padded Archer Armor |
| 19:46 | Investigar | Fletching |
| 19:49 | Crear | Villager (Male) |
| 19:49 | Crear | Villager (Male) |
| 20:12 | Construir | Lumber Camp |
| 20:19 | Crear | Villager (Male) |
| 20:19 | Crear | Villager (Male) |
| 20:20 | Crear | Villager (Male) |
| 20:58 | Edad | Edad de los Castillos |
| 21:04 | Construir | Castle |
| 21:10 | Investigar | Bow Saw |
| 21:20 | Construir | Siege Workshop |
| 21:34 | Crear | Villager (Male) |
| 21:50 | Investigar | Gold Shaft Mining |
| 21:57 | Crear | Villager (Male) |
| 22:31 | Construir | Farm |
| 22:33 | Construir | Farm |
| 22:36 | Investigar | Heavy Plow |
| 22:38 | Crear | Villager (Male) |
| 23:11 | Crear | Villager (Male) |
| 23:57 | Construir | Town Center |
| 24:07 | Crear | Chu Ko Nu |
| 24:09 | Crear | Petard |
| 24:09 | Crear | Petard |
| 24:13 | Crear | Fire Lancer |
| 24:13 | Crear | Fire Lancer |
| 24:14 | Crear | Fire Lancer |
| 24:27 | Crear | Villager (Male) |
| 24:29 | Crear | Villager (Male) |
| 24:54 | Construir | Mining Camp |
| 24:57 | Crear | Chu Ko Nu |
| 24:57 | Crear | Chu Ko Nu |
| 25:06 | Crear | Villager (Male) |
| 25:21 | Construir | Farm |
| 25:36 | Crear | Villager (Male) |
| 25:43 | Crear | Fire Lancer |
| 25:46 | Crear | Chu Ko Nu |
| 25:57 | Investigar | Leather Archer Armor |
| 26:03 | Crear | Villager (Male) |
| 26:03 | Crear | Villager (Male) |
| 26:03 | Crear | Villager (Male) |
| 26:04 | Crear | Villager (Male) |
| 26:08 | Construir | Farm |
| 26:16 | Crear | Villager (Male) |
| 26:30 | Crear | Villager (Male) |
| 26:32 | Crear | Chu Ko Nu |
| 27:21 | Construir | Stone Wall |
| 27:27 | Construir | Gate |
| 27:35 | Construir | Farm |
| 27:37 | Crear | Villager (Male) |
| 27:38 | Crear | Villager (Male) |
| 27:38 | Crear | Villager (Male) |
| 28:32 | Crear | Fire Lancer |
| 28:32 | Crear | Fire Lancer |
| 28:32 | Crear | Fire Lancer |
| 28:32 | Crear | Fire Lancer |
| 28:33 | Crear | Fire Lancer |
| 28:33 | Crear | Fire Lancer |
| 29:06 | Crear | Chu Ko Nu |
| 29:06 | Crear | Chu Ko Nu |
| 29:06 | Crear | Chu Ko Nu |
| 29:06 | Crear | Chu Ko Nu |
| 29:17 | Construir | House |
| 29:18 | Construir | House |
| 29:19 | Construir | House |
| 29:20 | Construir | House |
| 29:34 | Crear | Chu Ko Nu |
| 29:35 | Crear | Chu Ko Nu |
| 30:02 | Crear | Fire Lancer |
| 30:02 | Crear | Fire Lancer |
| 30:10 | Construir | House |
| 30:11 | Construir | House |
| 30:12 | Construir | House |
| 30:58 | Crear | Battering Ram |
| 30:58 | Crear | Battering Ram |
| 31:07 | Construir | Farm |
| 31:10 | Investigar | Imperial Age |
| 32:13 | Construir | House |
| 32:14 | Construir | House |
| 32:16 | Construir | House |
| 32:19 | Crear | Chu Ko Nu |
| 32:19 | Crear | Chu Ko Nu |
| 32:20 | Crear | Chu Ko Nu |
| 32:20 | Crear | Chu Ko Nu |
| 32:20 | Crear | Chu Ko Nu |
Build order — sanji31
145 acciones detectadas en el replay
| 0:04 | Construir | House |
| 0:06 | Construir | House |
| 0:11 | Crear | Villager (Male) ×4 |
| 1:54 | Crear | Villager (Male) |
| 1:54 | Crear | Villager (Male) |
| 2:53 | Crear | Villager (Male) |
| 2:53 | Crear | Villager (Male) |
| 2:53 | Crear | Villager (Male) |
| 2:53 | Crear | Villager (Male) |
| 3:53 | Crear | Villager (Male) |
| 3:54 | Crear | Villager (Male) |
| 3:54 | Crear | Villager (Male) |
| 3:54 | Crear | Villager (Male) |
| 5:52 | Crear | Villager (Male) |
| 5:53 | Crear | Villager (Male) |
| 5:53 | Crear | Villager (Male) |
| 6:00 | Construir | House |
| 6:02 | Construir | House |
| 6:04 | Construir | House |
| 6:22 | Construir | Lumber Camp |
| 6:38 | Investigar | Loom |
| 6:38 | Crear | Villager (Male) ×5 |
| 8:36 | Construir | Mill |
| 9:28 | Investigar | Feudal Age |
| 9:39 | Construir | Mining Camp |
| 11:13 | Construir | Barracks |
| 11:38 | Edad | Edad Feudal |
| 12:19 | Construir | Stable |
| 12:57 | Construir | Outpost |
| 13:07 | Construir | Farm |
| 13:08 | Construir | Farm |
| 13:09 | Construir | Farm |
| 13:34 | Investigar | Town Watch |
| 13:35 | Crear | Villager (Male) |
| 13:35 | Crear | Villager (Male) |
| 13:39 | Crear | Scout Cavalry |
| 13:39 | Crear | Scout Cavalry |
| 13:40 | Crear | Scout Cavalry |
| 13:51 | Construir | Blacksmith |
| 14:52 | Crear | Villager (Male) |
| 14:52 | Crear | Villager (Male) |
| 15:37 | Construir | Stone Wall |
| 15:43 | Construir | Stone Wall |
| 15:44 | Construir | Stone Wall |
| 18:09 | Investigar | Castle Age |
| 18:33 | Construir | Mining Camp |
| 19:13 | Crear | Scout Cavalry |
| 19:44 | Construir | Stone Wall |
| 20:09 | Construir | Farm |
| 20:10 | Construir | Farm |
| 20:13 | Construir | Farm |
| 20:20 | Construir | Farm |
| 20:24 | Construir | Farm |
| 20:38 | Construir | Gate |
| 20:49 | Edad | Edad de los Castillos |
| 21:03 | Construir | Monastery |
| 21:10 | Crear | Villager (Male) |
| 21:10 | Crear | Villager (Male) |
| 21:10 | Crear | Villager (Male) |
| 21:11 | Investigar | Wheelbarrow |
| 21:55 | Construir | Town Center |
| 22:11 | Construir | Siege Workshop |
| 22:17 | Crear | Monk |
| 22:23 | Crear | Monk |
| 22:26 | Investigar | Fervor |
| 23:07 | Construir | Monastery |
| 23:14 | Crear | Villager (Male) |
| 23:14 | Crear | Villager (Male) |
| 23:14 | Crear | Villager (Male) |
| 23:54 | Construir | House |
| 23:55 | Construir | House |
| 23:56 | Construir | House |
| 24:02 | Crear | Monk |
| 25:02 | Investigar | Pikeman (upgrade) |
| 25:03 | Crear | Spearman |
| 25:03 | Crear | Spearman |
| 25:03 | Crear | Spearman |
| 25:07 | Crear | Knight |
| 25:07 | Crear | Knight |
| 25:21 | Investigar | Sanctity |
| 26:42 | Crear | Monk |
| 28:10 | Crear | Knight |
| 28:10 | Crear | Knight |
| 28:22 | Construir | Market |
| 29:27 | Investigar | Bloodlines |
| 29:39 | Construir | Castle |
| 30:55 | Crear | Arambai ×5 |
| 30:55 | Crear | Arambai ×4 |
| 31:27 | Construir | Farm |
| 31:29 | Construir | Farm |
| 31:35 | Crear | Villager (Male) |
| 31:35 | Crear | Villager (Male) |
| 31:40 | Construir | Lumber Camp |
| 31:43 | Crear | Villager (Male) ×5 |
| 32:18 | Investigar | Scale Barding Armor |
| 32:19 | Investigar | Forging |
| 32:27 | Crear | Villager (Male) |
| 32:28 | Crear | Villager (Male) |
| 32:34 | Investigar | Stone Mining |
| 32:42 | Construir | Town Center |
| 32:47 | Crear | Villager (Male) |
| 33:34 | Investigar | Manipur Cavalry |
| 34:26 | Crear | Villager (Male) |
| 34:26 | Crear | Villager (Male) |
| 34:27 | Crear | Villager (Male) |
| 34:33 | Construir | Farm |
| 34:33 | Construir | Farm |
| 34:34 | Construir | Farm |
| 34:35 | Construir | Farm |
| 34:39 | Construir | House |
| 35:07 | Construir | House |
| 35:20 | Construir | Farm |
| 35:22 | Construir | Farm |
| 35:25 | Construir | Farm |
| 36:25 | Construir | University |
| 37:34 | Investigar | Ballistics |
| 37:36 | Crear | Villager (Male) |
| 37:36 | Crear | Villager (Male) |
| 37:40 | Construir | Farm |
| 37:41 | Construir | Farm |
| 37:41 | Construir | Farm |
| 38:08 | Crear | Arambai ×5 |
| 38:24 | Construir | Farm |
| 38:28 | Construir | Farm |
| 38:48 | Investigar | Husbandry |
| 39:01 | Investigar | Imperial Age |
| 39:04 | Crear | Villager (Male) |
| 39:49 | Crear | Battle Elephant |
| 39:49 | Crear | Battle Elephant |
| 39:50 | Crear | Battle Elephant |
| 41:40 | Construir | Castle |
| 41:47 | Construir | House |
| 41:48 | Construir | House |
| 41:57 | Construir | Town Center |
| 42:11 | Edad | Edad Imperial |
| 42:22 | Investigar | Murder Holes |
| 43:02 | Construir | Siege Workshop |
| 43:27 | Investigar | Elite Battle Elephant (upgrade) |
| 43:39 | Crear | Trebuchet (Packed) |
| 44:08 | Construir | Mining Camp |
| 44:13 | Crear | Battering Ram |
| 44:37 | Construir | Lumber Camp |
| 49:33 | Construir | Farm |
| 49:33 | Construir | Farm |
| 49:34 | Construir | Farm |
Build order — juanem92
Primeras 150 de 683 acciones detectadas
| 0:01 | Crear | Villager (Male) |
| 0:01 | Crear | Villager (Male) |
| 0:02 | Crear | Villager (Male) |
| 0:02 | Crear | Villager (Male) |
| 0:03 | Construir | House |
| 0:05 | Construir | House |
| 1:25 | Crear | Villager (Male) |
| 2:09 | Crear | Villager (Male) |
| 2:10 | Crear | Villager (Male) |
| 2:19 | Construir | Lumber Camp |
| 2:58 | Crear | Villager (Male) |
| 2:59 | Crear | Villager (Male) |
| 3:03 | Construir | House |
| 3:06 | Construir | House |
| 3:30 | Crear | Villager (Male) |
| 3:53 | Crear | Villager (Male) |
| 4:30 | Crear | Villager (Male) |
| 5:01 | Crear | Villager (Male) |
| 5:02 | Crear | Villager (Male) |
| 5:32 | Crear | Villager (Male) |
| 5:45 | Construir | Mill |
| 6:05 | Crear | Villager (Male) |
| 6:40 | Crear | Villager (Male) |
| 6:40 | Crear | Villager (Male) |
| 7:40 | Crear | Villager (Male) |
| 7:40 | Crear | Villager (Male) |
| 8:04 | Investigar | Feudal Age |
| 8:11 | Construir | Mining Camp |
| 8:44 | Construir | House |
| 8:46 | Construir | House |
| 8:49 | Construir | House |
| 9:08 | Crear | Villager (Male) |
| 9:08 | Crear | Villager (Male) |
| 10:01 | Construir | Barracks |
| 10:40 | Edad | Edad Feudal |
| 10:44 | Investigar | Double-Bit Axe |
| 10:48 | Investigar | Horse Collar |
| 11:15 | Construir | Farm |
| 11:17 | Crear | Villager (Male) |
| 11:17 | Crear | Villager (Male) |
| 11:18 | Crear | Villager (Male) |
| 11:26 | Construir | Archery Range |
| 11:29 | Construir | Archery Range |
| 11:33 | Construir | Farm |
| 11:57 | Construir | Farm |
| 12:23 | Construir | Farm |
| 12:28 | Crear | Villager (Male) |
| 12:29 | Crear | Villager (Male) |
| 12:29 | Crear | Villager (Male) |
| 12:48 | Construir | Farm |
| 12:59 | Construir | Lumber Camp |
| 13:05 | Crear | Villager (Male) |
| 13:14 | Construir | Farm |
| 13:15 | Crear | Villager (Male) |
| 13:39 | Construir | Farm |
| 14:04 | Construir | Farm |
| 14:29 | Construir | Farm |
| 14:57 | Construir | Market |
| 15:01 | Construir | Blacksmith |
| 15:03 | Crear | Villager (Male) |
| 15:03 | Crear | Villager (Male) |
| 15:05 | Construir | Farm |
| 15:32 | Construir | Farm |
| 15:47 | Crear | Villager (Male) |
| 15:47 | Crear | Villager (Male) |
| 15:47 | Crear | Villager (Male) |
| 15:56 | Construir | Farm |
| 16:11 | Construir | House |
| 16:14 | Construir | House |
| 16:23 | Crear | Villager (Male) |
| 16:23 | Crear | Villager (Male) |
| 16:23 | Crear | Villager (Male) |
| 16:35 | Construir | House |
| 16:39 | Construir | House |
| 16:57 | Crear | Spearman |
| 16:57 | Crear | Spearman |
| 16:57 | Crear | Spearman |
| 16:57 | Crear | Spearman |
| 17:38 | Construir | House |
| 17:40 | Construir | House |
| 17:43 | Construir | House |
| 17:45 | Construir | House |
| 17:48 | Construir | House |
| 17:50 | Construir | House |
| 18:48 | Crear | Villager (Male) |
| 18:48 | Crear | Villager (Male) |
| 18:48 | Crear | Villager (Male) |
| 18:49 | Crear | Villager (Male) |
| 18:49 | Crear | Villager (Male) |
| 18:53 | Construir | Farm |
| 18:53 | Construir | Farm |
| 18:53 | Construir | Farm |
| 18:53 | Construir | Farm |
| 18:54 | Construir | Farm |
| 18:54 | Construir | Farm |
| 18:54 | Construir | Farm |
| 18:54 | Construir | Farm |
| 19:08 | Construir | Farm |
| 19:43 | Construir | Farm |
| 20:05 | Construir | Farm |
| 20:26 | Construir | Mining Camp |
| 20:51 | Crear | Villager (Male) |
| 20:51 | Crear | Villager (Male) |
| 20:52 | Crear | Villager (Male) |
| 21:18 | Construir | House |
| 21:38 | Investigar | Castle Age |
| 21:47 | Crear | Skirmisher |
| 21:47 | Crear | Skirmisher |
| 21:48 | Crear | Skirmisher |
| 21:50 | Crear | Skirmisher |
| 21:51 | Crear | Skirmisher |
| 22:01 | Crear | Skirmisher |
| 22:01 | Crear | Skirmisher |
| 22:02 | Crear | Skirmisher |
| 22:20 | Construir | Lumber Camp |
| 22:30 | Investigar | Padded Archer Armor |
| 22:58 | Crear | Skirmisher |
| 22:58 | Crear | Skirmisher |
| 22:59 | Crear | Skirmisher |
| 23:11 | Crear | Villager (Male) |
| 23:12 | Crear | Villager (Male) |
| 23:22 | Crear | Skirmisher |
| 23:46 | Investigar | Fletching |
| 23:51 | Crear | Skirmisher |
| 23:52 | Crear | Skirmisher |
| 23:52 | Crear | Skirmisher |
| 23:53 | Crear | Skirmisher |
| 24:48 | Edad | Edad de los Castillos |
| 24:58 | Construir | Town Center |
| 25:02 | Crear | Villager (Male) |
| 25:02 | Crear | Villager (Male) |
| 25:02 | Crear | Villager (Male) |
| 25:03 | Crear | Villager (Male) |
| 25:03 | Crear | Villager (Male) |
| 25:06 | Investigar | Bow Saw |
| 26:04 | Investigar | Elite Skirmisher (upgrade) |
| 27:00 | Crear | Villager (Male) |
| 27:00 | Crear | Villager (Male) |
| 27:00 | Crear | Villager (Male) |
| 27:01 | Crear | Villager (Male) |
| 27:01 | Crear | Villager (Male) |
| 27:12 | Construir | Town Center |
| 27:14 | Construir | Farm |
| 27:14 | Construir | Farm |
| 27:14 | Construir | Farm |
| 27:15 | Construir | Farm |
| 27:15 | Construir | Farm |
| 27:15 | Construir | Farm |
| 28:04 | Construir | University |
| 28:20 | Crear | Villager (Male) |
Build order — Railgun
Primeras 150 de 320 acciones detectadas
| 0:02 | Crear | Villager (Male) ×4 |
| 1:28 | Crear | Villager (Male) |
| 1:57 | Crear | Villager (Male) |
| 2:22 | Crear | Villager (Male) |
| 2:52 | Crear | Villager (Male) ×2 |
| 2:52 | Crear | Villager (Male) ×2 |
| 3:17 | Construir | Lumber Camp |
| 3:38 | Crear | Villager (Male) ×3 |
| 4:14 | Crear | Villager (Male) |
| 5:28 | Crear | Villager (Male) |
| 5:28 | Crear | Villager (Male) |
| 5:28 | Crear | Villager (Male) ×2 |
| 5:39 | Crear | Villager (Male) |
| 6:08 | Crear | Villager (Male) |
| 6:22 | Construir | Mill |
| 6:33 | Crear | Villager (Male) |
| 7:03 | Crear | Villager (Male) |
| 7:22 | Construir | Mill |
| 8:25 | Crear | Villager (Male) |
| 8:47 | Construir | Mining Camp |
| 8:55 | Investigar | Feudal Age |
| 9:10 | Construir | Barracks |
| 9:34 | Construir | Farm |
| 9:38 | Construir | Farm |
| 9:52 | Construir | Farm |
| 10:06 | Construir | Farm |
| 10:10 | Crear | Villager (Male) |
| 10:11 | Crear | Villager (Male) |
| 10:43 | Construir | Farm |
| 11:05 | Edad | Edad Feudal |
| 11:07 | Construir | Farm |
| 11:09 | Construir | Farm |
| 11:32 | Crear | Villager (Male) |
| 11:37 | Investigar | Double-Bit Axe |
| 11:56 | Crear | Villager (Male) |
| 12:16 | Construir | Stable |
| 12:42 | Crear | Villager (Male) |
| 12:52 | Crear | Villager (Male) |
| 13:04 | Construir | Blacksmith |
| 13:12 | Crear | Villager (Male) |
| 13:13 | Crear | Villager (Male) |
| 13:23 | Construir | Farm |
| 14:04 | Investigar | Castle Age |
| 14:17 | Construir | Mining Camp |
| 15:56 | Crear | Villager (Male) ×5 |
| 16:08 | Construir | Stable |
| 16:09 | Construir | Stable |
| 16:12 | Construir | Stable |
| 16:43 | Investigar | Bloodlines |
| 16:44 | Edad | Edad de los Castillos |
| 17:39 | Crear | Villager (Male) |
| 17:39 | Crear | Villager (Male) |
| 18:03 | Construir | Castle |
| 18:07 | Crear | Villager (Male) |
| 18:38 | Investigar | Horse Collar |
| 18:40 | Investigar | Bow Saw |
| 19:18 | Construir | Farm |
| 19:23 | Investigar | Marauders |
| 20:01 | Investigar | Husbandry |
| 20:05 | Crear | Tarkan ×2 |
| 20:16 | Crear | Villager (Male) |
| 20:38 | Crear | Villager (Male) |
| 20:39 | Crear | Villager (Male) |
| 20:48 | Construir | Farm |
| 21:05 | Crear | Tarkan |
| 21:11 | Construir | Farm |
| 21:32 | Crear | Villager (Male) |
| 21:32 | Crear | Villager (Male) |
| 21:33 | Crear | Villager (Male) |
| 21:57 | Crear | Villager (Male) |
| 21:58 | Crear | Villager (Male) |
| 22:04 | Construir | Farm |
| 22:24 | Construir | Town Center |
| 22:32 | Construir | Farm |
| 22:37 | Crear | Tarkan ×3 |
| 22:48 | Crear | Villager (Male) |
| 22:56 | Construir | Farm |
| 23:09 | Crear | Tarkan |
| 23:20 | Construir | Farm |
| 23:30 | Crear | Tarkan ×2 |
| 23:37 | Crear | Tarkan |
| 23:45 | Crear | Villager (Male) |
| 23:52 | Construir | Farm |
| 23:56 | Crear | Villager (Male) |
| 24:14 | Crear | Villager (Male) ×2 |
| 24:21 | Construir | Farm |
| 24:24 | Crear | Tarkan |
| 24:59 | Crear | Tarkan ×3 |
| 25:15 | Crear | Villager (Male) ×2 |
| 25:19 | Construir | Farm |
| 25:28 | Crear | Tarkan |
| 26:09 | Crear | Tarkan ×2 |
| 26:09 | Crear | Tarkan ×2 |
| 26:35 | Construir | Farm |
| 26:36 | Construir | Farm |
| 26:36 | Construir | Farm |
| 26:45 | Crear | Villager (Male) ×5 |
| 26:46 | Crear | Villager (Male) |
| 27:04 | Crear | Tarkan ×2 |
| 27:04 | Crear | Tarkan ×2 |
| 27:20 | Crear | Tarkan |
| 27:50 | Crear | Tarkan |
| 27:50 | Crear | Tarkan |
| 27:59 | Crear | Tarkan |
| 28:43 | Crear | Tarkan |
| 28:44 | Crear | Tarkan |
| 28:56 | Crear | Villager (Male) ×5 |
| 28:56 | Crear | Villager (Male) ×4 |
| 29:01 | Construir | Mill |
| 29:02 | Construir | Farm |
| 29:03 | Construir | Farm |
| 29:03 | Construir | Farm |
| 29:03 | Construir | Farm |
| 29:03 | Construir | Farm |
| 29:05 | Construir | Farm |
| 29:12 | Crear | Villager (Male) ×2 |
| 29:12 | Crear | Villager (Male) ×2 |
| 29:19 | Construir | Mining Camp |
| 29:23 | Crear | Tarkan |
| 29:23 | Crear | Tarkan |
| 30:08 | Investigar | Forging |
| 30:08 | Investigar | Scale Barding Armor |
| 30:37 | Construir | Lumber Camp |
| 30:47 | Crear | Tarkan |
| 30:48 | Crear | Tarkan |
| 32:54 | Crear | Villager (Male) ×3 |
| 33:36 | Crear | Tarkan |
| 33:36 | Crear | Tarkan |
| 33:37 | Crear | Tarkan |
| 33:53 | Construir | Castle |
| 33:54 | Construir | Mining Camp |
| 34:02 | Crear | Villager (Male) ×5 |
| 34:02 | Crear | Villager (Male) ×5 |
| 34:13 | Construir | Farm |
| 34:17 | Construir | Farm |
| 34:22 | Crear | Tarkan ×2 |
| 34:23 | Crear | Tarkan ×2 |
| 34:23 | Crear | Tarkan ×2 |
| 34:46 | Crear | Villager (Male) ×4 |
| 34:51 | Crear | Tarkan |
| 35:15 | Crear | Villager (Male) ×3 |
| 36:07 | Crear | Tarkan ×4 |
| 36:11 | Crear | Villager (Male) ×4 |
| 36:20 | Construir | Farm |
| 36:23 | Construir | Farm |
| 36:30 | Construir | Farm |
| 36:37 | Crear | Tarkan ×2 |
| 36:56 | Crear | Tarkan ×2 |
| 37:13 | Crear | Tarkan ×2 |
| 37:43 | Construir | Mining Camp |
Build order — Boku wa tobi
Primeras 150 de 485 acciones detectadas
| 0:11 | Construir | House |
| 0:12 | Construir | House |
| 0:14 | Crear | Villager (Male) |
| 0:14 | Crear | Villager (Male) |
| 0:15 | Crear | Villager (Male) |
| 0:15 | Crear | Villager (Male) |
| 0:16 | Crear | Villager (Male) |
| 2:32 | Crear | Villager (Male) |
| 2:32 | Crear | Villager (Male) |
| 2:33 | Crear | Villager (Male) |
| 3:00 | Crear | Villager (Male) |
| 3:01 | Crear | Villager (Male) |
| 4:38 | Crear | Villager (Male) |
| 4:38 | Crear | Villager (Male) |
| 4:46 | Crear | Villager (Male) |
| 4:48 | Crear | Villager (Male) |
| 5:28 | Construir | House |
| 5:30 | Construir | House |
| 5:31 | Construir | House |
| 6:57 | Construir | Lumber Camp |
| 7:11 | Construir | Mill |
| 7:58 | Construir | Farm |
| 9:15 | Investigar | Feudal Age |
| 9:18 | Crear | Villager (Male) |
| 10:54 | Crear | Villager (Male) |
| 10:54 | Crear | Villager (Male) |
| 10:55 | Crear | Villager (Male) |
| 10:55 | Crear | Villager (Male) |
| 10:55 | Crear | Villager (Male) |
| 10:56 | Crear | Villager (Male) |
| 11:25 | Edad | Edad Feudal |
| 12:03 | Construir | Farm |
| 12:26 | Construir | Farm |
| 12:39 | Investigar | Horse Collar |
| 12:44 | Construir | Farm |
| 12:46 | Investigar | Double-Bit Axe |
| 13:03 | Construir | Farm |
| 13:13 | Construir | Farm |
| 13:28 | Construir | Farm |
| 14:10 | Crear | Villager (Male) |
| 14:10 | Crear | Villager (Male) |
| 14:10 | Crear | Villager (Male) |
| 14:11 | Crear | Villager (Male) |
| 14:11 | Crear | Villager (Male) |
| 14:11 | Crear | Villager (Male) |
| 14:12 | Crear | Villager (Male) |
| 14:12 | Crear | Villager (Male) |
| 14:33 | Construir | Farm |
| 14:52 | Construir | Farm |
| 15:29 | Construir | House |
| 15:33 | Construir | House |
| 15:35 | Construir | House |
| 15:36 | Construir | House |
| 17:26 | Construir | Farm |
| 17:30 | Crear | Villager (Male) |
| 17:31 | Crear | Villager (Male) |
| 17:31 | Crear | Villager (Male) |
| 17:31 | Crear | Villager (Male) |
| 17:52 | Construir | Mining Camp |
| 19:04 | Crear | Villager (Male) |
| 19:05 | Crear | Villager (Male) |
| 19:08 | Crear | Villager (Male) |
| 19:08 | Crear | Villager (Male) |
| 19:25 | Construir | Farm |
| 19:49 | Construir | Barracks |
| 19:53 | Construir | Blacksmith |
| 20:18 | Construir | Market |
| 20:24 | Construir | Farm |
| 20:41 | Construir | Mining Camp |
| 20:57 | Investigar | Wheelbarrow |
| 21:06 | Construir | Farm |
| 21:26 | Construir | Stable |
| 22:09 | Investigar | Castle Age |
| 22:16 | Construir | Farm |
| 22:29 | Investigar | Gold Mining |
| 22:32 | Investigar | Stone Mining |
| 23:06 | Construir | Farm |
| 24:52 | Edad | Edad de los Castillos |
| 25:04 | Construir | Town Center |
| 25:12 | Crear | Villager (Male) |
| 25:13 | Crear | Villager (Male) |
| 25:13 | Crear | Villager (Male) |
| 25:13 | Crear | Villager (Male) |
| 25:14 | Crear | Villager (Male) |
| 25:17 | Investigar | Heavy Plow |
| 25:20 | Investigar | Bow Saw |
| 25:27 | Investigar | Stone Shaft Mining |
| 25:43 | Construir | Farm |
| 25:58 | Investigar | Husbandry |
| 26:02 | Crear | Knight |
| 26:02 | Crear | Knight |
| 26:03 | Crear | Knight |
| 26:03 | Crear | Knight |
| 26:03 | Crear | Knight |
| 26:04 | Crear | Knight |
| 26:05 | Crear | Knight |
| 26:06 | Crear | Knight |
| 26:07 | Crear | Knight |
| 26:13 | Construir | Farm |
| 26:40 | Construir | Farm |
| 26:48 | Crear | Villager (Male) |
| 26:48 | Crear | Villager (Male) |
| 27:06 | Construir | Farm |
| 27:10 | Crear | Villager (Male) |
| 27:10 | Crear | Villager (Male) |
| 27:10 | Crear | Villager (Male) |
| 27:10 | Crear | Villager (Male) |
| 27:13 | Crear | Villager (Male) |
| 27:23 | Construir | Farm |
| 28:03 | Crear | Spearman |
| 28:03 | Crear | Spearman |
| 28:04 | Crear | Spearman |
| 28:04 | Crear | Spearman |
| 28:05 | Crear | Spearman |
| 28:05 | Crear | Spearman |
| 28:27 | Construir | Farm |
| 29:02 | Construir | House |
| 29:03 | Construir | House |
| 29:05 | Construir | House |
| 30:30 | Crear | Knight |
| 30:30 | Crear | Knight |
| 30:31 | Crear | Knight |
| 30:31 | Crear | Knight |
| 30:31 | Crear | Knight |
| 30:34 | Crear | Spearman |
| 31:17 | Construir | Farm |
| 31:24 | Construir | Farm |
| 33:35 | Crear | Knight |
| 33:35 | Crear | Knight |
| 33:40 | Construir | Farm |
| 34:08 | Crear | Villager (Male) |
| 34:09 | Crear | Villager (Male) |
| 34:09 | Crear | Villager (Male) |
| 34:09 | Crear | Villager (Male) |
| 34:12 | Crear | Villager (Male) |
| 34:20 | Construir | House |
| 34:21 | Construir | House |
| 34:23 | Construir | House |
| 35:32 | Construir | House |
| 35:33 | Construir | House |
| 35:34 | Construir | House |
| 35:49 | Investigar | Hand Cart |
| 35:53 | Investigar | Scale Barding Armor |
| 35:54 | Investigar | Padded Archer Armor |
| 35:55 | Investigar | Forging |
| 36:18 | Crear | Knight |
| 36:18 | Crear | Knight |
| 36:19 | Crear | Knight |
| 36:19 | Crear | Knight |
| 36:20 | Crear | Knight |
Build order — The King
Primeras 150 de 540 acciones detectadas
| 0:05 | Construir | House |
| 0:06 | Crear | Villager (Male) |
| 0:06 | Crear | Villager (Male) |
| 0:06 | Crear | Villager (Male) |
| 0:08 | Crear | Villager (Male) |
| 0:09 | Crear | Villager (Male) |
| 0:30 | Construir | House |
| 1:00 | Construir | Mill |
| 1:37 | Crear | Villager (Male) |
| 2:11 | Crear | Villager (Male) |
| 2:38 | Crear | Villager (Male) |
| 3:07 | Crear | Villager (Male) |
| 3:08 | Crear | Villager (Male) |
| 3:37 | Construir | House |
| 3:46 | Crear | Villager (Male) |
| 4:26 | Crear | Villager (Male) |
| 4:48 | Crear | Villager (Male) |
| 4:50 | Crear | Villager (Male) |
| 5:08 | Crear | Villager (Male) |
| 5:47 | Construir | Lumber Camp |
| 5:50 | Crear | Villager (Male) |
| 6:17 | Crear | Villager (Male) |
| 6:37 | Construir | House |
| 6:43 | Crear | Villager (Male) |
| 7:03 | Crear | Villager (Male) |
| 7:31 | Investigar | Feudal Age |
| 8:26 | Construir | House |
| 9:03 | Construir | Mill |
| 9:18 | Crear | Villager (Male) |
| 9:18 | Crear | Villager (Male) |
| 9:56 | Edad | Edad Feudal |
| 10:00 | Investigar | Double-Bit Axe |
| 10:08 | Construir | Blacksmith |
| 10:20 | Crear | Villager (Male) |
| 10:26 | Crear | Villager (Male) |
| 10:26 | Crear | Villager (Male) |
| 10:32 | Construir | Farm |
| 10:52 | Investigar | Horse Collar |
| 11:01 | Construir | House |
| 11:10 | Construir | Farm |
| 11:32 | Construir | House |
| 11:44 | Construir | Farm |
| 11:54 | Crear | Villager (Male) |
| 11:54 | Crear | Villager (Male) |
| 11:54 | Crear | Villager (Male) |
| 12:20 | Construir | Barracks |
| 12:23 | Construir | House |
| 12:40 | Construir | Farm |
| 12:50 | Crear | Villager (Male) |
| 12:59 | Construir | Farm |
| 13:23 | Construir | Farm |
| 13:30 | Crear | Villager (Male) |
| 14:19 | Construir | Farm |
| 14:20 | Crear | Villager (Male) |
| 14:23 | Crear | Villager (Male) |
| 14:29 | Construir | Mining Camp |
| 14:42 | Construir | Market |
| 14:57 | Construir | Market |
| 15:03 | Crear | Villager (Male) |
| 15:10 | Construir | Mining Camp |
| 15:14 | Crear | Villager (Male) |
| 15:18 | Construir | Farm |
| 16:06 | Construir | Stable |
| 16:08 | Construir | Stable |
| 16:16 | Construir | Farm |
| 16:50 | Investigar | Castle Age |
| 18:08 | Crear | Spearman |
| 18:08 | Crear | Spearman |
| 18:08 | Crear | Spearman |
| 18:18 | Construir | Mill |
| 18:32 | Investigar | Wheelbarrow |
| 18:34 | Crear | Villager (Male) |
| 18:35 | Crear | Villager (Male) |
| 19:30 | Edad | Edad de los Castillos |
| 19:36 | Construir | Town Center |
| 19:45 | Investigar | Bow Saw |
| 19:47 | Investigar | Heavy Plow |
| 20:13 | Crear | Trade Cart |
| 20:13 | Crear | Trade Cart |
| 20:13 | Crear | Trade Cart |
| 20:23 | Crear | Villager (Male) |
| 20:23 | Crear | Villager (Male) |
| 20:23 | Crear | Villager (Male) |
| 20:47 | Construir | Town Center |
| 20:59 | Construir | Farm |
| 21:04 | Investigar | Stone Mining |
| 21:21 | Crear | Villager (Male) |
| 21:21 | Crear | Villager (Male) |
| 21:26 | Construir | Farm |
| 21:41 | Construir | House |
| 21:42 | Construir | House |
| 21:44 | Construir | House |
| 21:48 | Construir | Farm |
| 21:52 | Construir | House |
| 21:54 | Construir | House |
| 21:57 | Construir | House |
| 22:00 | Construir | House |
| 22:01 | Construir | House |
| 22:03 | Construir | House |
| 22:05 | Construir | House |
| 22:07 | Construir | House |
| 22:09 | Construir | House |
| 22:12 | Construir | House |
| 22:14 | Construir | House |
| 22:15 | Construir | House |
| 22:23 | Construir | Gate |
| 22:39 | Construir | University |
| 22:42 | Construir | University |
| 22:44 | Crear | Villager (Male) |
| 22:44 | Crear | Villager (Male) |
| 22:44 | Crear | Villager (Male) |
| 22:53 | Investigar | Loom |
| 22:54 | Crear | Villager (Male) |
| 22:54 | Crear | Villager (Male) |
| 22:54 | Crear | Villager (Male) |
| 22:55 | Crear | Villager (Male) |
| 23:05 | Construir | Farm |
| 23:08 | Crear | Villager (Male) |
| 23:17 | Construir | Farm |
| 23:32 | Construir | Farm |
| 23:55 | Crear | Villager (Male) |
| 23:55 | Crear | Villager (Male) |
| 23:55 | Crear | Villager (Male) |
| 23:56 | Crear | Villager (Male) |
| 24:06 | Investigar | Hand Cart |
| 24:24 | Construir | Farm |
| 24:31 | Construir | Farm |
| 24:34 | Construir | Farm |
| 24:37 | Construir | Farm |
| 24:47 | Crear | Villager (Male) |
| 24:47 | Crear | Villager (Male) |
| 24:47 | Crear | Villager (Male) |
| 25:23 | Construir | Castle |
| 26:22 | Investigar | Treadmill Crane |
| 26:25 | Investigar | Murder Holes |
| 26:44 | Crear | Villager (Male) |
| 26:44 | Crear | Villager (Male) |
| 26:46 | Crear | Villager (Male) |
| 26:46 | Crear | Villager (Male) |
| 26:47 | Crear | Villager (Male) |
| 26:47 | Crear | Villager (Male) |
| 27:49 | Crear | Camel Scout |
| 27:49 | Crear | Camel Scout |
| 27:50 | Crear | Camel Scout |
| 28:28 | Construir | University |
| 28:37 | Crear | Villager (Male) |
| 28:37 | Crear | Villager (Male) |
| 28:37 | Crear | Villager (Male) |
| 28:37 | Crear | Villager (Male) |
| 29:12 | Investigar | Ballistics |
Cronología de la partida
| 9:10 | Railgun · first_building Barracks |
| 9:56 | The King · age_up feudal |
| 10:01 | juanem92 · first_building Barracks |
| 10:16 | giancarlo7 · age_up feudal |
| 10:40 | juanem92 · age_up feudal |
| 11:05 | Railgun · age_up feudal |
| 11:13 | sanji31 · first_building Barracks |
| 11:25 | Boku wa tobi · age_up feudal |
| 11:26 | juanem92 · first_building Archery Range |
| 11:33 | giancarlo7 · wall_segment Stone Wall x10 |
| 11:38 | sanji31 · age_up feudal |
| 12:16 | Railgun · first_building Stable |
| 12:19 | sanji31 · first_building Stable |
| 12:20 | The King · first_building Barracks |
| 12:21 | Antonio · age_up feudal |
| 12:30 | 顶风尿万丈 · age_up feudal |
| 12:41 | 顶风尿万丈 · wall_segment Stone Wall x20 |
| 12:44 | 顶风尿万丈 · wall_segment Stone Wall x5 |
| 12:47 | giancarlo7 · wall_segment Stone Wall x11 |
| 13:47 | Antonio · wall_segment Stone Wall x32 |
| 13:57 | giancarlo7 · wall_segment Stone Wall x8 |
| 14:26 | 顶风尿万丈 · wall_segment Stone Wall x16 |
| 15:37 | sanji31 · wall_segment Stone Wall x15 |
| 15:43 | sanji31 · wall_segment Stone Wall x9 |
| 15:44 | sanji31 · wall_segment Stone Wall x1 |
| 16:05 | Antonio · first_market_buy 100 food |
| 16:06 | The King · first_building Stable |
| 16:38 | The King · first_market_sell 100 wood |
| 16:44 | Railgun · age_up castle |
| 17:24 | Antonio · first_building Barracks |
| 17:42 | Antonio · age_up castle |
| 18:03 | Railgun · first_building Castle |
| 18:16 | 顶风尿万丈 · age_up castle |
| 18:37 | Antonio · first_building Stable |
| 18:47 | giancarlo7 · first_building Barracks |
| 19:30 | The King · age_up castle |
| 19:44 | sanji31 · wall_segment Stone Wall x14 |
| 19:49 | Boku wa tobi · first_building Barracks |
| 20:49 | sanji31 · age_up castle |
| 20:58 | giancarlo7 · age_up castle |
| 21:03 | sanji31 · first_building Monastery |
| 21:04 | giancarlo7 · first_building Castle |
| 21:20 | giancarlo7 · first_building Siege Workshop |
| 21:26 | Boku wa tobi · first_building Stable |
| 22:03 | Antonio · first_building Siege Workshop |
| 22:05 | 顶风尿万丈 · first_building Monastery |
| 22:11 | sanji31 · first_building Siege Workshop |
| 22:53 | Antonio · first_building Castle |
| 22:59 | giancarlo7 · first_market_sell 100 stone |
| 23:01 | giancarlo7 · first_market_buy 100 wood |
| 24:35 | 顶风尿万丈 · first_building Castle |
| 24:48 | juanem92 · age_up castle |
| 24:52 | Boku wa tobi · age_up castle |
| 25:13 | The King · first_market_buy 100 stone |
| 25:23 | The King · first_building Castle |
| 27:21 | giancarlo7 · wall_segment Stone Wall x37 |
| 28:13 | 顶风尿万丈 · first_building Siege Workshop |
| 28:53 | juanem92 · first_building Monastery |
| 29:39 | sanji31 · first_building Castle |
| 31:08 | The King · first_building Siege Workshop |
| 31:23 | sanji31 · first_market_buy 100 wood |
| 31:58 | juanem92 · first_market_sell 100 wood |
| 32:25 | 顶风尿万丈 · first_building Barracks |
| 33:34 | 顶风尿万丈 · first_building Stable |
| 34:20 | giancarlo7 · age_up imperial |
| 34:23 | 顶风尿万丈 · age_up imperial |
| 34:51 | Antonio · first_market_sell 100 stone |
| 34:51 | The King · wall_segment Stone Wall x1 |
| 34:56 | giancarlo7 · first_building Monastery |
| 35:13 | juanem92 · age_up imperial |
| 37:05 | The King · first_building Monastery |
| 38:07 | Antonio · age_up imperial |
| 39:42 | Boku wa tobi · first_building Castle |
| 42:11 | sanji31 · age_up imperial |
| 42:31 | juanem92 · first_building Castle |
| 42:53 | 顶风尿万丈 · wall_segment Stone Wall x2 |
| 43:00 | The King · age_up imperial |
| 47:27 | Railgun · first_market_sell 500 wood |
| 47:40 | 顶风尿万丈 · first_market_buy 100 stone |
| 47:44 | 顶风尿万丈 · first_market_sell 100 wood |
| 49:39 | juanem92 · first_market_buy 100 wood |
| 50:04 | sanji31 · resign |
| 51:10 | Boku wa tobi · age_up imperial |
| 52:02 | The King · wall_segment Stone Wall x8 |
| 53:57 | The King · wall_segment Stone Wall x9 |
| 54:42 | Antonio · wall_segment Stone Wall x24 |
| 55:26 | Railgun · age_up imperial |
| 55:55 | Railgun · first_building Archery Range |
| 58:17 | The King · wall_segment Stone Wall x16 |
| 60:16 | Antonio · wall_segment Stone Wall x27 |
| 63:38 | Antonio · tribute_sent a jugador 1 |
| 63:38 | Antonio · tribute_sent a jugador 2 |
| 63:38 | Antonio · tribute_sent a jugador 3 |
| 63:38 | Antonio · tribute_sent a jugador 4 |
| 63:38 | Antonio · tribute_sent a jugador 5 |
| 63:38 | Antonio · tribute_sent a jugador 7 |
| 63:38 | Antonio · tribute_sent a jugador 8 |
| 65:36 | Railgun · first_market_buy 100 wood |
| 65:56 | Antonio · tribute_sent a jugador 1 |
| 65:56 | Antonio · tribute_sent a jugador 2 |
| 65:56 | Antonio · tribute_sent a jugador 3 |
| 65:56 | Antonio · tribute_sent a jugador 4 |
| 65:56 | Antonio · tribute_sent a jugador 5 |
| 65:56 | Antonio · tribute_sent a jugador 7 |
| 65:56 | Antonio · tribute_sent a jugador 8 |
| 66:57 | Antonio · tribute_sent a jugador 1 |
| 66:57 | Antonio · tribute_sent a jugador 2 |
| 66:57 | Antonio · tribute_sent a jugador 3 |
| 66:57 | Antonio · tribute_sent a jugador 4 |
| 66:57 | Antonio · tribute_sent a jugador 5 |
| 66:57 | Antonio · tribute_sent a jugador 7 |
| 66:57 | Antonio · tribute_sent a jugador 8 |
[ ANÁLISIS IA · 1 CRÉDITO ]
¿Qué pasó realmente en esta partida?
Wolo.gg analiza cada decisión: build order, eco, micro, errores típicos por bracket. Análisis personalizado por WhatsApp o Discord en 30 segundos.
Guía civ
Romanos
Perfil
Jugador #7048686